 Dungeon Crawl Stone Soup version 0.31.0-12-g77e489cdc1 (webtiles) character file.

Game seed: 14137621298670224324

4332 Curundu the Fighter (level 10, -7/139 HPs)
             Began as a Minotaur Berserker on Feb 19, 2024.
             Was an Elder of Trog.
             Mangled by an orc warrior
             ... wielding a +0 glaive
              (20 damage)
             ... in a bailey.
             The game lasted 00:24:37 (8330 turns).

Curundu the Fighter (Minotaur Berserker)            Turns: 8330, Time: 00:24:37

Health: -7/139     AC: 17    Str: 27    XL:     10   Next: 12%
Magic:  9/9        EV:  8    Int:  4    God:    Trog [****..]
Gold:   371        SH:  0    Dex:  4    Spells: 9/9 levels left

rFire   + + +        w - +5 woodcutter's axe
rCold   . . .        (shield currently unavailable)
rNeg    . . .        j - +0 plate armour
rPois   .            r - +2 hat
rElec   +            (no cloak)
rCorr   .            a - +0 pair of gloves
SInv    .            (no boots)
Will    +++..        (no amulet) Stlth
                     m - ring "Qaotarilot" {Fly rElec rF+++ Will+ Dex-5}
HPRegen 1.43/turn    n - ring of protection from fire
MPRegen 0.11/turn

%: no passive effects
@: berserking, strong-willed, flying, regenerating, very quick
A: horns 2, retaliatory headbutt
a: Renounce Religion, Berserk, Trog's Hand, Brothers in Arms


You were in a bailey.
You worshipped Trog.
Trog was greatly pleased with you.
You visited 1 branch of the dungeon, and saw 9 of its levels.
You also visited: Bailey.

You collected 371 gold pieces.

Inventory:

Hand Weapons
 u - a +2 war axe of electrocution
 w - the +5 woodcutter's axe (weapon)
   (You took it off a gnoll on level 5 of the Dungeon)
Missiles
 o - 6 boomerangs (quivered)
 p - a throwing net
Armour
 a - a +0 pair of gloves (worn)
 j - a +0 plate armour (worn)
 r - a +2 hat (worn)
Jewellery
 c - a ring of resist corrosion
 m - the ring "Qaotarilot" (left hand) {Fly rElec rF+++ Will+ Dex-5}
   (You found it on level 3 of the Dungeon)

   [ring of willpower]

   Dex-5:     It affects your dexterity (-5).
   rF+++:     It renders you almost immune to fire.
   rElec:     It insulates you from electricity.
   Will+:     It increases your willpower.
   Fly:       It grants you flight.
 n - a ring of protection from fire (right hand)
Wands
 q - a wand of flame (36)
 v - a wand of charming (11)
Scrolls
 b - a scroll of immolation
 f - a scroll of fog
 l - 3 scrolls of teleportation
Potions
 d - a potion of haste
 e - 4 potions of heal wounds
 h - 5 potions of might
 i - a potion of cancellation
 t - a potion of resistance {unknown}
 x - a potion of attraction {unknown}
 z - a potion of mutation {unknown}


   Skills:
 * Level 9.9 Fighting
 + Level 9.2 Axes
 + Level 9.4 Armour
 * Level 4.9 Dodging
 + Level 0.5 Stealth
 * Level 4.3 Shields
 * Level 3.4 Evocations


You had 9 spell levels left.
You didn't know any spells.
Your spell library was empty.

Dungeon Overview and Level Annotations

Branches:
Dungeon (10/15)            Temple (0/1) D:7          Bailey (1/1)
   Lair: D:8-11         Orc: D:9-12

Altars:
Ashenzari
Cheibriados
Okawaru
The Shining One


Innate Abilities, Weirdness & Mutations

You have a pair of horns on your head.
You reflexively headbutt those who attack you in melee.


Message History

The orc warrior barely misses you. The orc knight closely misses you.
The orc warrior hits you from afar with a +0 glaive.
A red film seems to cover your vision as you go berserk!
You feel yourself moving faster!
You feel mighty! The orc knight closely misses you.
The orc warrior barely misses you. You furiously retaliate!
You headbutt the orc warrior.
The orc knight hits you with a +0 halberd.
The orc warrior closely misses you.
You closely miss the orc knight. You barely miss the orc warrior.
The orc knight barely misses you.
The orc warrior hits you with a +0 spear.
The orc knight barely misses you. The orc warrior closely misses you.
You slice the orc knight!!
The orc knight is moderately wounded.
You closely miss the orc warrior.
The orc knight hits you from afar with a +0 halberd.
The orc warrior barely misses you.
The orc knight hits you but does no damage.
The orc warrior completely misses you.
You slice the orc knight!! You headbutt the orc knight.
The orc knight is heavily wounded.
You slash the orc warrior!
The orc knight hits you from afar with a +0 halberd!!
* * * LOW HITPOINT WARNING * * *
The orc warrior hits you with a +0 spear.
* * * LOW HITPOINT WARNING * * *
The orc knight barely misses you.
The orc warrior hits you from afar with a +0 glaive.
* * * LOW HITPOINT WARNING * * *
You hit the orc knight.
The orc knight is severely wounded.
You slash the orc warrior!
You kill the orc warrior!
Trog accepts your kill.
The orc knight hits you from afar with a +0 halberd.
* * * LOW HITPOINT WARNING * * *
The orc knight hits you with a +0 halberd!
* * * LOW HITPOINT WARNING * * *
The orc warrior hits you from afar with a +0 glaive!!
You die...

..~≈≈~≈≈≈~~~#########~~~≈≈≈~≈≈~..
..~~~~~~~~~##~~~~~~~##~~~~~~)~~..
..~~~~~~~~##~~#'#'#~~##~~~~~~~)).
..~~~~~~~~#~~##)#.##~~#~~~~~~~~..
..~~~~~~~##~#########~##~~~~~~~..
..~~~~~~~##~')#!.)#['~##~~~~~~~..
..~~~~~~~##~###oo.###~##~~~~~~~..
..~~~~~~~##~'.#.o)#)'~##~~~~~~~..
..~~~~~~~##~####@####~##~~~~~~~..
..~~~~~~~~#~~##∩:∩##~~##~~~~~~~..
..~~~~~~~~##~~#'''##~~~~~~~~~~~..
..~~~~~~~~~##~~~~~##~~~~~~~~~~~..
..~≈≈~≈≈≈~~~##~~~~##~~~~≈≈≈~≈≈~..
..≈≈#.##≈~~~~#######~~~~≈##.#≈≈..
..≈##.∩#≈~~~~~~~~~~~~~~~≈#∩.##≈..
..≈#....~~~~~~~~~~~~~~~~~))..#≈..
..≈##.##≈~~~~~~~~~~~~~~~≈##.##≈..


You could see 2 orc knights and an orc warrior (strong).

Vanquished Creatures
  A hornet (D:8)
  A vampire (D:10)
  A shadow (D:10)
  4 yaks (D:7)
  A water moccasin (D:7)
  12 orc warriors (Bailey)
  2 sky beasts
  A black bear (D:5)
  3 ogres
  A bullfrog (D:7)
  2 gnoll sergeants
  2 scorpions
  3 howler monkeys (D:10)
  3 orc priests
  2 jellies
  3 bombardier beetles
  5 hounds
  3 gnoll boudas
  2 iguanas
  2 sleepcaps
  4 orc wizards
  28 gnolls
  9 adders
  2 white imps
  2 ufetubi (D:5)
  5 dart slugs
  3 ribbon worms
  28 orcs
  11 ball pythons
  10 bats
  6 endoplasms
  2 giant cockroaches (D:1)
  10 goblins
  6 hobgoblins
  10 jackals
  6 kobolds
  A quokka (D:2)
  10 rats
207 creatures vanquished.

Notes
Turn   | Place    | Note
-------+----------+-------------------------------------------
     0 | D:1      | Curundu the Minotaur Berserker began the quest for the Orb.
     0 | D:1      | Reached XP level 1. HP: 19/19 MP: 0/0
   122 | D:1      | Found a faded altar of an unknown god.
   125 | D:1      | Reached XP level 2. HP: 21/27 MP: 1/1
   695 | D:1      | Reached XP level 3. HP: 33/33 MP: 2/2
   794 | D:1      | Reached ** piety under Trog
  1420 | D:2      | Reached XP level 4. HP: 41/41 MP: 3/3
  1581 | D:2      | Reached skill level 5 in Axes
  1956 | D:3      | Reached XP level 5. HP: 32/47 MP: 4/4
  2073 | D:3      | Reached skill level 5 in Fighting
  2188 | D:3      | Identified the ring "Qaotarilot" {Fly rElec rF+++ Will+
                  | Dex-5}
  2540 | D:3      | Found a snail-covered altar of Cheibriados.
  2540 | D:3      | Found a broken altar of Ashenzari.
  2540 | D:3      | Found an iron altar of Okawaru.
  2887 | D:4      | HP: 2/48 [gnoll/+0 spear (3)]
  2986 | D:4      | Noticed an ogre
  2991 | D:4      | Killed an ogre
  2992 | D:4      | Reached XP level 6. HP: 34/57 MP: 5/5
  3836 | D:4      | Reached skill level 5 in Armour
  3836 | D:4      | Reached XP level 7. HP: 63/63 MP: 6/6
  3941 | D:5      | Entered Level 5 of the Dungeon
  4249 | D:5      | Reached *** piety under Trog
  4711 | D:5      | Reached XP level 8. HP: 71/71 MP: 7/7
  5997 | D:6      | Reached skill level 1 in Shields
  6409 | D:7      | Reached skill level 1 in Evocations
  6429 | D:7      | Found a staircase to the Ecumenical Temple.
  6735 | D:7      | Reached XP level 9. HP: 71/81 MP: 8/8
  7277 | D:8      | Paralysed by a hornet for 1 turns
  7310 | D:8      | Found an iron altar of Okawaru.
  7313 | D:8      | You are sucked into a shaft and drop 2 floors!
  7313 | D:10     | Entered Level 10 of the Dungeon
  7313 | D:10     | Found a glowing golden altar of the Shining One.
  7401 | D:10     | Reached **** piety under Trog
  7545 | D:10     | Found a flagged portal.
  7551 | Bailey   | Entered a bailey
  7886 | Bailey   | Reached XP level 10. HP: 60/93 MP: 9/9
  8323 | Bailey   | Noticed an orc knight
  8323 | Bailey   | Noticed an orc knight
  8330 | Bailey   | Mangled by an orc warrior

Illustrated notes

Levels and vault maps discovered:
D:1:      dpeg_arrival_ratfight, layout_loops_ring,
          shapermc_ecumenical_altar_petra
D:2:      layout_basic
D:3:      layout_loops_cross, gammafunk_temple_overflow_claw
D:4:      layout_rooms, minmay_checkerbox
D:5:      layout_loops_ring, grunt_ministairs_10, nrook_pool_corridor,
          kennysheep_decorative_pillar, pf_guarded_unrand_woodcutter
D:6:      layout_gridville, serial_glass, glass_columns_a, glass_columns_a,
          dk_noncrumbling_4
D:7:      layout_cave_pools, minmay_temple_entry_poolview
D:8:      minmay_the_grid_octo_tiled_squarecenter [minmay_the_grid_octo_shrine,
          minmay_the_grid_octo_vomiting_pacman, minmay_the_grid_octo_77,
          minmay_the_grid_octo_thin_diamonds,
          minmay_the_grid_square_5x5_megaprize_open,
          minmay_the_grid_square_5x5_two_walls_b,
          minmay_the_grid_square_5x5_checkered,
          minmay_the_grid_square_5x5_three_walls,
          minmay_the_grid_square_5x5_shuriken], layout_basic,
          dancing_weapons_uskayaw
D:10:     layout_roguey, mainiacjoe_overflow_catwalk, enter_bailey_4
Bailey:   bailey_polearm_2, bailey

Skill      XL: |  1  2  3  4  5  6  7  8  9 10 |
---------------+-------------------------------+-----
Axes           | 4 5 6 7 8 9 |  9.2
Fighting       | 4 5 6 8 9 |  9.9
Armour         | 3 5 6 8 9 |  9.4
Dodging        | 3 4 |  4.9
Shields        | 2 3 4 |  4.3
Evocations     | 1 3 |  3.4
Stealth        | |  0.5

Action                     |  1- 3 |  4- 6 |  7- 9 | 10-12 || total
---------------------------+-------+-------+-------+-------++-------
  Melee: Hand axe          |   116 |   153 |    16 |       ||   285
         Headbutt          |    11 |    21 |    26 |     3 ||    61
         War axe           |       |       |    83 |       ||    83
         Punch             |       |       |     2 |       ||     2
         Battleaxe         |       |       |   150 |    22 ||   172
  Throw: Boomerang         |       |       |     3 |       ||     3
 Invoke: Trog's Hand       |       |     2 |     4 |     1 ||     7
         Berserk           |       |     2 |     3 |     1 ||     6
    Use: Scroll            |       |       |    19 |       ||    19
 Armour: Animal skin       |    49 |       |       |       ||    49
         Chain mail        |    40 |   173 |   299 |     4 ||   516
         Plate armour      |       |       |       |    27 ||    27
  Dodge: Dodged            |    83 |    86 |   164 |    20 ||   353
